 Dungeon Crawl Stone Soup version 0.31.0 (webtiles) character file.

Game seed: 7843788615532909395

151 qw the Shooter (level 5, -3/32 HPs)
             Began as a Gargoyle Hunter on Jan 20, 2024.
             Slain by an orc priest
             ... wielding a +0 hand axe
              (6 damage)
             ... on level 3 of the Dungeon.
             The game lasted 00:00:10 (1713 turns).

qw the Shooter (Gargoyle Hunter)                    Turns: 1713, Time: 00:00:11

Health: -3/32      AC: 11    Str: 15    XL:     5   Next: 33%
Magic:  5/5        EV: 11    Int:  9    God:
Gold:   57         SH:  0    Dex: 15    Spells: 4/4 levels left

rFire   . . .        a - +0 shortbow
rCold   . . .        (shield currently unavailable)
rNeg    + . .        c - +0 leather armour
rPois   inf          (no helmet)
rElec   +            (no cloak)
rCorr   .            (no gloves)
SInv    .            (no boots)
Will    .....        (no amulet)
Stlth   ++           h - +4 ring of protection
HPRegen 0.25/turn    (no ring)
MPRegen 0.09/turn

%: no passive effects
@: no status effects
A: sickness immunity, AC +4, negative energy resistance 1, electricity
resistance, torment resistance 1, petrification resistance
a: no special abilities


You were on level 3 of the Dungeon.
You visited 1 branch of the dungeon, and saw 3 of its levels.

You collected 57 gold pieces.


Innate Abilities, Weirdness & Mutations

You are immune to sickness and miasma.
Your stone body is resilient. (AC +4)
You are immune to poison.
You resist negative energy. (rN+)
You are resistant to electric shocks. (rElec)
You are resistant to unholy torment.
You are immune to petrification.


   Skills:
 + Level 3.3 Fighting
 - Level 6.0 Ranged Weapons
 - Level 1.5 Dodging
 - Level 1.1 Stealth


You had 4 spell levels left.
You didn't know any spells.
Your spell library was empty.

Inventory:

Hand Weapons
 a - a +0 shortbow (weapon)
Armour
 b - a +0 pair of gloves
 c - a +0 leather armour (worn)
 d - a +0 helmet
Jewellery
 h - a +4 ring of protection (left hand)
 i - a ring of willpower
Wands
 j - a wand of polymorph (8)
Scrolls
 e - a scroll of identify
Potions
 f - a potion of might
 g - a potion of enlightenment
 l - a potion of curing {unknown}

Dungeon Overview and Level Annotations

Branches:
Dungeon (3/15)

Altars:
Dithmenos


Message History

An orc priest comes into view. It is wielding a +0 hand axe.
You shoot an arrow. The orc priest shouts!
The arrow hits the orc but does no damage.
The orc hits you but does no damage.
You shoot an arrow. The arrow barely misses the orc.
An orc comes into view. It is wielding a +0 trident.
The orc hits you but does no damage.
You shoot an arrow. The arrow barely misses the orc.
An orc comes into view. It is wielding a +0 dagger.
The orc hits you but does no damage.
You shoot an arrow. The arrow closely misses the orc.
The orc hits you but does no damage.
The orc priest casts a cantrip, but nothing happens.
You shoot an arrow. The arrow barely misses the orc.
The orc hits you but does no damage.
You shoot an arrow. The arrow barely misses the orc.
The orc barely misses you.
You shoot an arrow.
The arrow hits the orc priest but does no damage.
The orc hits you but does no damage. x2
The orc priest hits you with a +0 hand axe.
You shoot an arrow. The arrow hits the orc priest.
The orc priest is moderately wounded.
The orc closely misses you. The orc hits you but does no damage.
The orc priest calls down the wrath of Beogh upon you.
Pain shoots through your body!
A quokka comes into view.
The orc priest invokes the aid of Beogh against you.
Beogh smites you! The orc barely misses you.
You shoot an arrow. The arrow barely misses the orc priest.
The orc closely misses you.
The orc hits you from afar with a +0 trident.
The orc priest hits you but does no damage.
You shoot an arrow.
The arrow hits the orc priest but does no damage.
The orc priest is moderately wounded.
The orc barely misses you. The orc closely misses you.
The orc priest hits you with a +0 hand axe.
You die...

#.....#.##........###
#
#.....#.#.........)#
#.....#.##......##+#
#.....#.##......#
#######.#####...#
#^......### #######.#
#....# #..o@#
..(..%.oo.#
...<...o#....
..........#.##
##.....r. # .#
##....... # ........
...(......


You could see an orc priest, 3 orcs and a quokka.

Vanquished Creatures
  Terence (D:2)
  Natasha (D:2)
  3 adders
  A dart slug (D:3)
  3 ribbon worms
  3 endoplasms (D:1)
  6 giant cockroaches
  3 goblins
  2 hobgoblins (D:1)
  6 jackals
  6 quokkas
  4 ball pythons
  7 bats
  3 frilled lizards
  7 kobolds
  8 rats
64 creatures vanquished.

Notes
Turn   | Place    | Note
-------+----------+-------------------------------------------
     0 | D:1      | qw the Gargoyle Hunter began the quest for the Orb.
     0 | D:1      | Reached XP level 1. HP: 12/12 MP: 1/1
     0 | D:1      | 0 ||| qw: Version: 0.3-a-132-g3d54051
     0 | D:1      | 0 ||| qw: Game counter: 564
     0 | D:1      | 0 ||| qw: Melee chars always use a shield: true
     0 | D:1      | 0 ||| qw: God list: Okawaru
     0 | D:1      | 0 ||| qw: Allow faded altars: false
     0 | D:1      | 0 ||| qw: Do Orc after clearing Dungeon:15 true
     0 | D:1      | 0 ||| qw: Do second Lair branch before Depths: true
     0 | D:1      | 0 ||| qw: Lair rune preference: random
     0 | D:1      | 0 ||| qw: Goals: Normal
     0 | D:1      | 0 ||| PLANNING D:1-11
    93 | D:1      | Reached XP level 2. HP: 17/17 MP: 2/2
   181 | D:1      | 181 ||| DROPPING +0 sling of flaming.
   297 | D:1      | Reached XP level 3. HP: 21/21 MP: 3/3
   305 | D:1      | Reached skill level 5 in Ranged Weapons
   636 | D:1      | 636 ||| READING scroll labelled MASALENGEO.
   636 | D:1      | 636 ||| IDENTIFYING murky green potion
   637 | D:1      | 637 ||| READING scroll labelled OVOIPT WEDDANE.
   638 | D:1      | 638 ||| READING scroll labelled POMIAFF UCSEL.
   639 | D:1      | 639 ||| DROPPING scroll of butterflies.
   722 | D:2      | Reached skill level 3 in Fighting
   985 | D:2      | Reached XP level 4. HP: 28/28 MP: 4/4
  1044 | D:2      | Noticed Terence
  1062 | D:2      | Killed Terence
  1301 | D:2      | Noticed Natasha
  1312 | D:2      | Killed Natasha
  1313 | D:2      | Reached XP level 5. HP: 27/32 MP: 5/5
  1313 | D:2      | 1313 ||| FLEEEEING.
  1497 | D:2      | 1497 ||| UPGRADING to +4 ring of protection.
  1498 | D:2      | 1498 ||| DROPPING +6 ring of intelligence.
  1499 | D:2      | 1499 ||| READING scroll of identify.
  1499 | D:2      | 1499 ||| IDENTIFYING fuming yellow potion
  1500 | D:2      | 1500 ||| READING scroll labelled ZAIMOMYWID.
  1505 | D:2      | 1505 ||| READING scroll labelled JYMIOP KOUMEFFAHA.
  1506 | D:2      | 1506 ||| READING scroll labelled TEFRAD YFURUESCH.
  1507 | D:2      | 1507 ||| DRINKING 2 lumpy golden potions.
  1508 | D:2      | 1508 ||| DROPPING potion of magic.
  1605 | D:3      | Found a shadowy altar of Dithmenos.
  1616 | D:3      | Reached skill level 6 in Ranged Weapons
  1711 | D:3      | HP: 8/32 [orc priest/divine providence (15)]
  1712 | D:3      | HP: 3/32 [orc/+0 trident (5)]
  1713 | D:3      | Slain by an orc priest

Levels and vault maps discovered:
D:1:      zelgadis_glass_arrival_small, layout_loops_ring
D:2:      layout_basic, uniq_terence, uniq_natasha
D:3:      layout_basic, mainiacjoe_overflow_24_doors, grunt_dithmenos_smoke,
          serial_shops, nicolae_book_shop_shelving, corner_web_ring

Skill      XL: |  1  2  3  4  5 |
---------------+----------------+-----
Ranged Weapons | 5 6 |  6.0
Fighting       | 3 |  3.3
Dodging        | |  1.5
Stealth        | |  1.1

Action                     |  1- 3 |  4- 6 || total
---------------------------+-------+-------++-------
   Fire: Shortbow          |   130 |   103 ||   233
    Use: Scroll            |     3 |     4 ||     7
         Potion            |       |     1 ||     1
 Armour: Leather armour    |    48 |    31 ||    79
         Skin              |       |    12 ||    12
  Dodge: Dodged            |    37 |    31 ||    68

Table legend:
 A = Non-vault XP
 B = Vault XP
 C = Vault XP percentage of total XP
 D = Non-vault monster count
 E = Vault monster count
 F = Vault count percentage of total count
                 A         B        C        D         E       F
            +---------+---------+-------+---------+---------+-------
      Total |     145 |      71 |  32.9 |      62 |       2 |   3.1
            +---------+---------+-------+---------+---------+-------
        D:1 |      60 |       0 |   0.0 |      36 |       0 |   0.0
        D:2 |      49 |      71 |  59.2 |      14 |       2 |  12.5
        D:3 |      36 |       0 |   0.0 |      12 |       0 |   0.0
            +---------+---------+-------+---------+---------+-------
